[Event "Elite Hotels Open 2023"]
[Site "Elite Stadshotellet, Kungsgatan 6, Vaxjo, Sweden"]
[Date "2023.02.11"]
[Round "5.16"]
[White "Rasti, Arvin"]
[Black "Berg, Roy"]
[Result "1-0"]
[TimeControl "15 minutes + 5 seconds per move from move one (Round 1 - 4) / 90 minutes + 30 seconds per move from move one (Round 5 - 8)"]
[WhiteFideId "1741160"]
[BlackFideId "1711458"]
[WhiteElo "2211"]
[BlackElo "1948"]

1. e4 c6 2. Nf3 d5 3. Nc3 Bg4 4. h3 Bxf3 5.
Qxf3 e6 6. g3 Nf6 7. Bg2 dxe4 8.
Nxe4 Be7 9. Qb3 Qb6 10. Qxb6 axb6 11. O-O Nbd7 12. d3 O-O 13. Bg5 Rfe8 14. Nxf6+ Bxf6 15. Bxf6 Nxf6 16. Rfe1 Red8 17.
f4 Kf8 18. Kf2 Rd7 19. a3 b5 20. Rad1 Rad8 21. Bf3 h6 22. Ke2 Ke7 23. c3 Kd6 24. d4 Kc7 25. Kf2 Nd5 26. Be4 Nb6 27.
Rc1 Re7 28. Re2 Rdd7 29. Rce1 Rd8 30. Bb1 Rde8 31. g4 Kd6 32. h4 f6 33. Bg6 Rf8 34. Kg3 Nd5 35. Bc2 Rfe8 36. a4 bxa4 37.
c4 Nb4 38. Bxa4 Ra8 39. Bb3 Rae8 40. Ra1 e5 41. c5+ Kc7 42. dxe5 fxe5 43. f5 Nd5 44. Rd1 Rd8 45. Rde1 Rde8 46.
Kf3 Kd7 47. g5 hxg5 48. hxg5 Kc7 49. Re4 Kc8 50. Kg4 Kc7 51. Bc4 Kc8 52. Rd1 Rd8 53. Rd3 Kc7 54. b3 b6 55. cxb6+ Kxb6 56. Rf3 Rf8 57. Rf1 Nc3 58.
Ree1 Nd5 59. Rf2 e4 60. Rfe2 Re5 61. Rxe4 Rexf5 62. Re6 R8f7 63. Rc1 Nf4 64. Rxc6+ 1-0

[Event "Elite Hotels Open 2023"]
[Site "Elite Stadshotellet, Kungsgatan 6, Vaxjo, Sweden"]
[Date "2023.02.11"]
[Round "5.18"]
[White "Sevastianov, Andrii"]
[Black "Hedin, Niclas"]
[Result "1-0"]
[TimeControl "15 minutes + 5 seconds per move from move one (Round 1 - 4) / 90 minutes + 30 seconds per move from move one (Round 5 - 8)"]
[WhiteFideId "1730240"]
[BlackFideId "1720708"]
[WhiteElo "2160"]
[BlackElo "1833"]

1. e4 e6 2. d4 d5 3. exd5 exd5 4. Nf3 Bd6 5. Bd3 Ne7 6. O-O Nbc6 7. c3 Bg4 8. Nbd2 Qd7 9. Re1 O-O-O 10. b4 Rde8 11. Qa4 Kb8 12. b5 Nd8 13. Ne5 Qc8 14. Ba3 Bxa3 15. Qxa3 Bf5 16. Bf1 Ng6 17. Qc5 Nxe5 18. dxe5 Qd7 19.
a4 Ne6 20. Qb4 Qe7 21. Qb2 Nc5 22. a5 Bd3 23. Re3 Bxf1 24. Rxf1 Rd8 25. Nf3 Rhe8 26. Nd4 Ka8 27. a6 Qg5 28.
axb7+ Kxb7 29. Qa3 Ne6 30. Qa6+ Ka8 31. Nc6 1-0

[Event "Elite Hotels Open 2023"]
[Site "Elite Stadshotellet, Kungsgatan 6, Vaxjo, Sweden"]
[Date "2023.02.11"]
[Round "6.1"]
[White "Galperin, Platon"]
[Black "Sivuk, Vitaly"]
[Result "1/2-1/2"]
[TimeControl "15 minutes + 5 seconds per move from move one (Round 1 - 4) / 90 minutes + 30 seconds per move from move one (Round 5 - 8)"]
[WhiteTitle "GM"]
[BlackTitle "GM"]
[WhiteFideId "14165414"]
[BlackFideId "14116502"]
[WhiteElo "2538"]
[BlackElo "2530"]

1. c4 e6 2. g3 d5 3. Nf3 Nf6 4. Bg2 Be7 5. O-O O-O 6. d4 dxc4 7. Qc2 a6 8. Qxc4 b5 9. Qc2 Bb7 10.
Bd2 Be4 11. Qc1 Bb7 12. Qc2 Be4 13. Qc1 Bb7 14. Qc2 Be4 1/2-1/2

[Event "Elite Hotels Open 2023"]
[Site "Elite Stadshotellet, Kungsgatan 6, Vaxjo, Sweden"]
[Date "2023.02.11"]
[Round "6.2"]
[White "Wagner, Stephan"]
[Black "Abdrlauf, Elham"]
[Result "0-1"]
[TimeControl "15 minutes + 5 seconds per move from move one (Round 1 - 4) / 90 minutes + 30 seconds per move from move one (Round 5 - 8)"]
[BlackTitle "IM"]
[WhiteFideId "1613251"]
[BlackFideId "1533533"]
[WhiteElo "2264"]
[BlackElo "2527"]

1. c4 e6 2. g3 d5 3. Bg2 Nf6 4. Nf3 d4 5. O-O c5 6. e3 Nc6 7. exd4 cxd4 8. d3 Bd6 9. Bg5 h6 10.
Bxf6 Qxf6 11. Nbd2 Qe7 12. Re1 O-O 13. a3 a5 14. Nb3 Qf6 15. c5 Bc7 16. Rc1 e5 17. Nbd2 Be6 18. b3 Bd5 19.
Nc4 Rae8 20. Nfd2 Bxg2 21. Kxg2 Qe6 22. Qf3 f5 23. Kg1 Kh7 24. b4 axb4 25. axb4 Nxb4 26. Qxb7 Nd5 27. Nb6 Bxb6 28.
cxb6 Nb4 29. Rc7 Qg6 30. Re7 Nxd3 31. Rxe8 Rxe8 32. Rb1 e4 33. Qd5 Nf4 34. Qb5 e3 35. fxe3 Rxe3 36. Nf1 Ne2+ 37.
Kf2 Nc3 38. Qb2 Nxb1 39. Nxe3 Nc3 40. b7 dxe3+ 41. Kg1 e2 42. Qxc3 Qb6+ 43. Kg2 Qxb7+ 44. Kf2 Qh1 45. Kxe2 Qxh2+ 46. Kf3 Qh1+ 47. Kf2 Qe4 48. Qc7 Qe6 49. Kf3 Kg6 50. Kf2 Qd5 51. Qb6+ Kh5 52. Qc7 Qd4+ 53. Kf3 g6 54. Qf7 Qe4+ 55.
Kf2 Kg5 56. Qf8 Kg4 57. Qf6 Qf3+ 58. Kg1 Qxg3+ 59. Kh1 Qh4+ 0-1

[Event "Elite Hotels Open 2023"]
[Site "Elite Stadshotellet, Kungsgatan 6, Vaxjo, Sweden"]
[Date "2023.02.11"]
[Round "6.3"]
[White "Blomqvist, Erik"]
[Black "Trost, Edvin"]
[Result "1/2-1/2"]
[TimeControl "15 minutes + 5 seconds per move from move one (Round 1 - 4) / 90 minutes + 30 seconds per move from move one (Round 5 - 8)"]
[WhiteTitle "GM"]
[BlackTitle "FM"]
[WhiteFideId "1709437"]
[BlackFideId "1729519"]
[WhiteElo "2510"]
[BlackElo "2364"]

1. d4 Nf6 2. Bf4 d5 3. e3 c5 4. Nf3 Nc6 5. Nbd2 Nh5 6. dxc5 Nxf4 7. exf4 Qa5 8. c4 e6 9. a3 Qxc5 10.
Bd3 Be7 11. O-O O-O 12. Qe2 Bf6 13. g3 Qd6 14. Rad1 g6 15. Rb1 b6 16. Rfd1 a6 17. h4 Bb7 18. b4 a5 19. bxa5 Nxa5 20.
cxd5 exd5 21. Ne5 Rfe8 22. Bb5 Red8 23. Ne4 Qe7 24. Nxf6+ Qxf6 25. Qb2 Rac8 26. Bf1 Rd6 27. Bg2 Rcd8 28. Rbc1 Rc8 29. Rxc8+ Bxc8 30.
Rxd5 Bb7 31. Rxd6 Qxd6 32. Qb5 Bxg2 33. Kxg2 Kg7 34. h5 gxh5 35. Nf3 Qc5 36. Qb2+ f6 37. a4 Nc4 38. Qe2 Qd5 39.
Kh2 Kf7 40. Nh4 Nd6 41. f5 Kg7 42. Qxh5 Qd4 43. Qf3 Qxa4 44. Qd5 Nf7 45. Nf3 Qc2 46. Kg2 Qc5 47. Qe4 Nd6 48. Qg4+ Kh8 49. Nd4 Qd5+ 50. f3 Nf7 51. Ne6 Qd2+ 52. Kg1 Qe1+ 53.
Kg2 Qd2+ 54. Kg1 Qe1+ 55. Kg2 1/2-1/2

[Event "Elite Hotels Open 2023"]
[Site "Elite Stadshotellet, Kungsgatan 6, Vaxjo, Sweden"]
[Date "2023.02.11"]
[Round "6.4"]
[White "Falkevall, Axel"]
[Black "Kucuksari, Kaan"]
[Result "0-1"]
[TimeControl "15 minutes + 5 seconds per move from move one (Round 1 - 4) / 90 minutes + 30 seconds per move from move one (Round 5 - 8)"]
[WhiteTitle "FM"]
[BlackTitle "IM"]
[WhiteFideId "1735560"]
[BlackFideId "6380166"]
[WhiteElo "2299"]
[BlackElo "2507"]

1. e4 c5 2. c3 Nf6 3. e5 Nd5 4.
d4 d6 5.
Nf3 cxd4 6. Bc4 e6 7. cxd4 Be7 8. O-O O-O 9. Qe2 Bd7 10. Rd1 Bc6 11. Bxd5 Bxd5 12. Nc3 Bxf3 13. Qxf3 d5 14.
Qg4 f5 15. exf6 Rxf6 16. Bf4 Nc6 17. Rd3 Qb6 18. Re1 Qxb2 19. g3 Bb4 20. Rxe6 h5 21. Qh3 Bxc3 22. Rxf6 gxf6 23. Qf5 Bxd4 24.
Qg6+ Kf8 25. Rd2 Qb4 26. Re2 Be5 27. Bh6+ Ke7 28. f4 Nd4 29. Re3 Qc5 30. Qg7+ Ke6 31. fxe5 Nf3+ 32. Kg2 Nxe5 33.
Bf4 d4 34. Bxe5 Qc2+ 35. Kg1 Qc1+ 36. Kg2 Qc2+ 37. Kg1 Qc1+ 38. Kg2 Qxe3 39. Qxf6+ Kd5 40. Qd6+ Ke4 41. Bf4 Qe2+ 42. Kg1 Qe1+ 43.
Kg2 Qe2+ 44. Kg1 Qd1+ 45. Kg2 Qc2+ 46. Kg1 Qb1+ 47. Kg2 Qxa2+ 48. Kh3 Qd5 49. Qe7+ Kf3 50. Be5 Rd8 51. Qf6+ Ke2 52.
Bf4 Qd7+ 53. Kg2 Qc6 0-1

[Event "Elite Hotels Open 2023"]
[Site "Elite Stadshotellet, Kungsgatan 6, Vaxjo, Sweden"]
[Date "2023.02.11"]
[Round "6.5"]
[White "Hector, Jonny"]
[Black "Krantz, Christopher"]
[Result "1-0"]
[TimeControl "15 minutes + 5 seconds per move from move one (Round 1 - 4) / 90 minutes + 30 seconds per move from move one (Round 5 - 8)"]
[WhiteTitle "GM"]
[WhiteFideId "1700090"]
[BlackFideId "1707876"]
[WhiteElo "2466"]
[BlackElo "2262"]

1. e4 e5 2. Nf3 Nc6 3. Nc3 Nf6 4. d4 exd4 5. Nd5 Nb4 6. Bc4 Nbxd5 7. exd5 Bb4+ 8. Kf1 Be7 9. Qxd4 d6 10.
Bg5 O-O 11. Bd3 Re8 12. Re1 Bd7 13. h4 c6 14. c4 cxd5 15. cxd5 a6 16. Kg1 Rc8 17. b4 Kf8 18. Bc1 Bb5 19.
Bxb5 axb5 20. Bb2 Nh5 21. Qd3 Bf6 22. Qxh7 Rxe1+ 23. Nxe1 Bxb2 24. Qh8+ Ke7 25. Qxh5 Rc1 26. Kh2 Be5+ 27.
g3 Qb6 28. Kg2 Rc4 29. Nd3 Qd4 30. Qf3 Rc3 31. Rd1 g6 32. Nxe5 Qxe5 33. Rd3 Rxd3 34. Qxd3 Kf6 35. a3 Qe1 36.
Qd4+ Qe5 37. Qd3 Qe1 38. Qxb5 Qe4+ 39. Kh2 Qf3 40. Kg1 Kf5 41. Qxb7 Kg4 42. Qc8+ f5 43. Qc1 Qxd5 44. Kh2 Qd4 45.
Qf4+ Qxf4 46. gxf4 d5 47. Kg2 1-0

[Event "Elite Hotels Open 2023"]
[Site "Elite Stadshotellet, Kungsgatan 6, Vaxjo, Sweden"]
[Date "2023.02.11"]
[Round "6.6"]
[White "Johansson, Gunnar"]
[Black "Jepson, Christian"]
[Result "0-1"]
[TimeControl "15 minutes + 5 seconds per move from move one (Round 1 - 4) / 90 minutes + 30 seconds per move from move one (Round 5 - 8)"]
[BlackTitle "IM"]
[WhiteFideId "1703501"]
[BlackFideId "1701185"]
[WhiteElo "2260"]
[BlackElo "2395"]

1. c4 Nf6 2. Nf3 d6 3. Nc3 g6 4. e4 Bg7 5. d4 O-O 6. h3 c5 7. d5 e6 8. Bd3 Nbd7 9. O-O e5 10. g4 h5 11. Ne1 a6 12. a4 hxg4 13. hxg4 Nh7 14. Kg2 Ndf6 15. f3 Ne8 16. Nc2 Bf6 17. Bh6 Ng7 18. Qe2 Bg5 19. Bxg5 Qxg5 20. Qe3 f5 21.
Qxg5 Nxg5 22. Ne3 f4 23. Nc2 Ne8 24. Rh1 Nf6 25. b3 Bd7 26. Na3 Kg7 27. Rh4 Nxf3 28. Kxf3 g5 29. Rhh1 Rh8 30.
Nc2 Bxg4+ 31. Kf2 Bd7 32. Rag1 g4 33. Be2 Kg6 34. Ne1 Kf7 35. Rxh8 Rxh8 36. Kg2 Rh3 37. Nf3 gxf3+ 38. Bxf3 Bg4 39.
Bxg4 Rg3+ 40. Kf1 Rxg1+ 41. Kxg1 Nxg4 42. Kg2 Ne3+ 43. Kh3 Nc2 44. Nb1 Nd4 45. Nd2 Ke7 0-1

[Event "Elite Hotels Open 2023"]
[Site "Elite Stadshotellet, Kungsgatan 6, Vaxjo, Sweden"]
[Date "2023.02.11"]
[Round "6.7"]
[White "Burwick, Malte"]
[Black "Golubka, Petro"]
[Result "0-1"]
[TimeControl "15 minutes + 5 seconds per move from move one (Round 1 - 4) / 90 minutes + 30 seconds per move from move one (Round 5 - 8)"]
[BlackTitle "GM"]
[WhiteFideId "1702475"]
[BlackFideId "14114224"]
[WhiteElo "2219"]
[BlackElo "2363"]

1. Nf3 Nf6 2. g3 g6 3. Bg2 Bg7 4. O-O O-O 5. d4 d6 6. a4 a5 7. Nbd2 Nc6 8. c3 Nd7 9. d5 Nce5 10.
Nd4 Nc5 11. f4 Ng4 12. N2b3 Nxb3 13. Qxb3 Bxd4+ 14. cxd4 f5 15. Bd2 Bd7 16. e4 fxe4 17. Bxe4 Nf6 18. Bg2 Kg7 19. h3 h5 20.
Rfe1 c6 21. dxc6 bxc6 22. Qe3 Rf7 23. Ra3 Nd5 24. Bxd5 cxd5 25. Qf3 Bxh3 26. Qxd5 Bf5 27. Rae3 Ra7 28. Bc3 Qd7 29. Qb5 Qxb5 30. axb5 Rb7 31. Bxa5 Rxb5 32. Bc3 Kf8 33.
Ra1 Rd5 34. Ra5 Rxa5 35. Bxa5 Bd7 36. Be1 h4 37. gxh4 Rxf4 38. Rd3 Bb5 39. Bg3 Rg4 40. Rb3 Bc4 41. Rf3+ Ke8 42. b3 Bd5 43.
Rd3 Be4 44. Re3 Bf5 45. d5 Kd7 46. Kf2 Be4 47. Ke2 Bxd5 48. Kd2 e5 49. Kc2 Ke6 50. Kc3 Be4 51. Be1 d5 52. Rh3 Rg1 53.
Bd2 d4+ 54. Kb2 Rg2 55. Kc1 Bf5 56. Rh1 e4 57. h5 gxh5 58. Rxh5 e3 59. Bxe3 dxe3 0-1

[Event "Elite Hotels Open 2023"]
[Site "Elite Stadshotellet, Kungsgatan 6, Vaxjo, Sweden"]
[Date "2023.02.11"]
[Round "6.8"]
[White "Kristensen, Kaare Hove"]
[Black "Poley, Vladimir"]
[Result "1-0"]
[TimeControl "15 minutes + 5 seconds per move from move one (Round 1 - 4) / 90 minutes + 30 seconds per move from move one (Round 5 - 8)"]
[WhiteTitle "IM"]
[BlackTitle "IM"]
[WhiteFideId "1400940"]
[BlackFideId "13500090"]
[WhiteElo "2210"]
[BlackElo "2325"]

1. c4 g6 2. Nc3 Bg7 3. d4 d6 4. e4 Nc6 5. Be3 e5 6. Nge2 Nh6 7. d5 Ne7 8. f3 f5 9. Qd2 Nf7 10.
g3 O-O 11. Bg2 c5 12. Nc1 Bd7 13. Nd3 Qa5 14. O-O a6 15. a4 Kh8 16. Rfb1 Ng8 17. b4 cxb4 18. Rxb4 Qc7 19. Rab1 Nf6 20.
c5 Bc8 21. cxd6 Nxd6 22. Nxe5 Nfxe4 23. fxe4 Bxe5 24. Bd4 Qg7 25. Bxe5 Qxe5 26. Qd4 Qxd4+ 27. Rxd4 fxe4 28. Nxe4 Bf5 29.
Rb6 Bxe4 30. Rxd6 Bxg2 31. Kxg2 Rad8 32. Rxd8 Rxd8 33. Kf3 Kg7 34. Ke4 Re8+ 35. Kd3 Rd8 36. Kc4 Rc8+ 37. Kb4 Kf6 38.
Re4 Rc2 39. d6 b6 40. Rd4 Rc8 41. d7 Rd8 42. a5 bxa5+ 43. Kc5 a4 44. Kc6 a3 45. Kc7 a2 46. Rd1 Ke7 47. Re1 Kf7 48.
Kxd8 1-0

[Event "Elite Hotels Open 2023"]
[Site "Elite Stadshotellet, Kungsgatan 6, Vaxjo, Sweden"]
[Date "2023.02.11"]
[Round "6.9"]
[White "Lindberg, Bengt"]
[Black "Rasti, Arvin"]
[Result "1/2-1/2"]
[TimeControl "15 minutes + 5 seconds per move from move one (Round 1 - 4) / 90 minutes + 30 seconds per move from move one (Round 5 - 8)"]
[WhiteTitle "IM"]
[WhiteFideId "1700359"]
[BlackFideId "1741160"]
[WhiteElo "2354"]
[BlackElo "2211"]

1. e4 c6 2. d4 d5 3. f3 e6 4. Nc3 Nf6 5. Be3 b6 6. e5 Nfd7 7. f4 Ba6 8. Bxa6 Nxa6 9. f5 Nc7 10.
Qf3 c5 11. Nge2 cxd4 12. Bxd4 g6 13. f6 Nb8 14. Bf2 Nc6 15. Bg3 Qc8 16. O-O Qa6 17. a3 O-O-O 18. Rfd1 Kb7 19. Kh1 h5 20.
h4 Bh6 21. Nd4 Qc4 22. Nce2 Nxd4 23. Nxd4 Nb5 24. c3 Qa4 25. Nxb5 Qxb5 26. a4 Qc6 27. Rd4 Rc8 28. Be1 Rhd8 29.
b4 Kb8 30. Qe2 Qd7 31. Rad1 Qc7 32. a5 Bf8 33. axb6 axb6 34. R4d2 Bh6 35. Rd4 Bf8 36. Qe3 Kb7 37. R1d3 Ra8 38.
Kh2 b5 39. Rd1 Ra2 40. R4d2 Rda8 41. Qe2 Qc4 42. Qe3 R2a3 43. Rd4 Qc6 44. R4d3 Qc4 45. Rd4 Qc6 46. R4d3 1/2-1/2

[Event "Elite Hotels Open 2023"]
[Site "Elite Stadshotellet, Kungsgatan 6, Vaxjo, Sweden"]
[Date "2023.02.11"]
[Round "6.10"]
[White "Sigeman, Johan"]
[Black "Hillarp, Tiger"]
[Result "0-1"]
[TimeControl "15 minutes + 5 seconds per move from move one (Round 1 - 4) / 90 minutes + 30 seconds per move from move one (Round 5 - 8)"]
[BlackTitle "GM"]
[WhiteFideId "1705601"]
[BlackFideId "1700812"]
[WhiteElo "2082"]
[BlackElo "2511"]

1. d4 Nf6 2. c4 e6 3. g3 c5 4. d5 exd5 5. cxd5 d6 6. Nc3 g6 7. Bg2 Bg7 8. Nf3 O-O 9. O-O Na6 10.
Nd2 Nc7 11. a4 b6 12. Nc4 Ba6 13. Qb3 Bxc4 14. Qxc4 a6 15. Bg5 h6 16. Bf4 Qe7 17. Rfe1 Nd7 18. e4 g5 19. Bd2 Ne5 20.
Qe2 c4 21. b3 b5 22. bxc4 Nxc4 23. Ra2 Nxd2 24. Qxd2 b4 25. Ne2 a5 26. Nd4 Na6 27. Nc6 Qc7 28. e5 Nc5 29. exd6 Qxd6 30.
Ne7+ Kh8 31. Nf5 Qf6 32. Nxg7 Kxg7 33. d6 Rad8 34. Rd1 Rfe8 35. Qd5 Qc3 36. Raa1 Re6 37. Rdc1 Rexd6 38. Qf5 Rf6 39.
Qg4 Qb2 40. Rf1 Rxf2 41. Rxf2 Qxa1+ 42. Rf1 Qd4+ 0-1

[Event "Elite Hotels Open 2023"]
[Site "Elite Stadshotellet, Kungsgatan 6, Vaxjo, Sweden"]
[Date "2023.02.11"]
[Round "6.11"]
[White "Bellon Lopez, Juan Manuel"]
[Black "Mashhadi, Peyman"]
[Result "1-0"]
[TimeControl "15 minutes + 5 seconds per move from move one (Round 1 - 4) / 90 minutes + 30 seconds per move from move one (Round 5 - 8)"]
[WhiteTitle "GM"]
[WhiteFideId "2200031"]
[BlackFideId "1768581"]
[WhiteElo "2303"]
[BlackElo "2018"]

1. d4 Nf6 2. Bg5 e6 3. Nf3 Be7 4. e3 b6 5. Nbd2 Bb7 6. Bd3 d6 7. O-O Nbd7 8. a4 a5 9. c3 h6 10.
Bxf6 Bxf6 11. Re1 g5 12. Ne4 Bg7 13. Nfd2 h5 14. f4 g4 15. b4 Qe7 16. bxa5 d5 17. Ng3 h4 18. Ngf1 f5 19.
axb6 cxb6 20. Qb3 Bc6 21. Bb5 Bxb5 22. axb5 Kf7 23. Ra6 Rac8 24. Ra7 Qd6 25. Rea1 Rc7 26. Qa3 Qxa3 27. R1xa3 Rhc8 28.
Nb1 Bf8 29. R3a6 Be7 30. Nfd2 Ke8 31. Kf2 Bd8 32. Ke2 Be7 33. Kd3 Bf8 34. Rxc7 Rxc7 35. Na3 Nf6 36. Nc2 Nd7 37. c4 Kf7 38.
Kc3 dxc4 39. Nxc4 Nf6 40. Kb3 h3 41. gxh3 gxh3 42. Ne5+ Ke7 43. Rxb6 Ng4 44. Nf3 Kd7 45. Ng5 Nxh2 46.
Nxh3 Nf3 47. Rb8 Nd2+ 48. Kb2 Nc4+ 49. Kb1 Bd6 50. Rh8 Rb7 51. Rh7+ Be7 52. Ng5 Rxb5+ 53. Kc1 Rb3 54. Nf7 Nxe3 55.
Ne5+ Kd6 56. Nxe3 Rc3+ 57. Kd2 Rc7 58.
Kd3 Ra7 59. N3c4+ Kd5 60. Nb6+ 1-0

[Event "Elite Hotels Open 2023"]
[Site "Elite Stadshotellet, Kungsgatan 6, Vaxjo, Sweden"]
[Date "2023.02.11"]
[Round "6.12"]
[White "Ernst, Thomas"]
[Black "Strom-Engdahl, Alexander"]
[Result "0-1"]
[TimeControl "15 minutes + 5 seconds per move from move one (Round 1 - 4) / 90 minutes + 30 seconds per move from move one (Round 5 - 8)"]
[WhiteTitle "GM"]
[WhiteFideId "1700065"]
[BlackFideId "1741586"]
[WhiteElo "2286"]
[BlackElo "2097"]

1. e4 e6 2. d4 d5 3. Nd2 c5 4. exd5 Qxd5 5. Ngf3 cxd4 6. Bc4 Qd6 7. O-O Nf6 8. Nb3 Nc6 9. Nbxd4 Nxd4 10.
Nxd4 Be7 11. b3 O-O 12. Bb2 Bd7 13. Qe2 Qc7 14. Rad1 Rfe8 15. Nf3 Rad8 16. Ne5 a6 17. Bd3 Bc6 18.
c4 b6 19. a3 Ba8 20. b4 Bd6 21. f4 Qe7 22. Bc2 a5 23. Rd3 axb4 24. Rh3 Qb7 25. Ng4 Bc5+ 26. Kh1 Qxg2+ 27. Qxg2 Bxg2+ 0-1

[Event "Elite Hotels Open 2023"]
[Site "Elite Stadshotellet, Kungsgatan 6, Vaxjo, Sweden"]
[Date "2023.02.11"]
[Round "6.13"]
[White "Eriksson, Kristian"]
[Black "Johansson, Ulf"]
[Result "1-0"]
[TimeControl "15 minutes + 5 seconds per move from move one (Round 1 - 4) / 90 minutes + 30 seconds per move from move one (Round 5 - 8)"]
[WhiteFideId "1705172"]
[BlackFideId "1701380"]
[WhiteElo "2053"]
[BlackElo "2205"]

1. e4 c5 2. Nc3 Nc6 3. Bb5 Nd4 4. Bc4 d6 5. Nge2 g6 6. O-O Bg7 7. d3 e6 8. Nxd4 cxd4 9. Ne2 Ne7 10.
Bg5 h6 11. Bd2 O-O 12. c3 d5 13. Bb3 dxe4 14. dxe4 e5 15. cxd4 exd4 16. Nf4 a5 17. Re1 Kh7 18. Rc1 b5 19.
Nd5 Ra7 20. Bf4 Nxd5 21. Bxd5 Be6 22. Qb3 Qb6 23. Qg3 Re8 24. Rc6 Qd8 25. Rd6 Qe7 26. Bxe6 fxe6 27. e5 Rd7 28. h4 Qf7 29.
h5 g5 30. Qd3+ Kh8 31. Bg3 Rxd6 32. exd6 Qd7 33. Qe4 Kg8 34. Be5 Bxe5 35. Qxe5 Kf7 36. Qxd4 Rd8 37. Rd1 Qc6 38. Qd3 Kf8 39.
Qg6 Rxd6 40. Qxh6+ Ke7 41. Qxg5+ Ke8 42. Rxd6 Qxd6 43. Qxb5+ Kf7 44. Qxa5 e5 45. Qe1 Qd4 46. Qe2 1-0

[Event "Elite Hotels Open 2023"]
[Site "Elite Stadshotellet, Kungsgatan 6, Vaxjo, Sweden"]
[Date "2023.02.11"]
[Round "6.15"]
[White "Jakenberg, Jussi"]
[Black "Lindborg, Patrik"]
[Result "0-1"]
[TimeControl "15 minutes + 5 seconds per move from move one (Round 1 - 4) / 90 minutes + 30 seconds per move from move one (Round 5 - 8)"]
[WhiteFideId "1710931"]
[BlackFideId "1707507"]
[WhiteElo "2059"]
[BlackElo "2184"]

1. d4 Nf6 2. Nf3 g6 3. g3 Bg7 4. Bg2 O-O 5. b3 a5 6. Bb2 d6 7. O-O a4 8. b4 Nd5 9. a3 c5 10.
c3 Nb6 11. Nbd2 Nc6 12. Qc2 e5 13. dxc5 dxc5 14. Rfd1 Qe7 15. Ne4 Bf5 16. Nh4 Bxe4 17. Bxe4 Rac8 18. Bxc6 Rxc6 19. b5 Rcc8 20.
c4 Qe6 21. Rac1 Rcd8 22. Rxd8 Rxd8 23. Nf3 h6 24. Nd2 f5 25. Nf1 e4 26. Bxg7 Kxg7 27. Ne3 Qe5 28. Nd5 Nxd5 29. cxd5 Rxd5 30. Qxa4 e3 31. f3 Qb2 32. Qc4 Qd2 33. b6 Kf6 34. a4 Ke6 35. Rc2 Qe1+ 36.
Kg2 Qf2+ 37. Kh3 Qf1+ 38. Kh4 Kf6 0-1

[Event "Elite Hotels Open 2023"]
[Site "Elite Stadshotellet, Kungsgatan 6, Vaxjo, Sweden"]
[Date "2023.02.11"]
[Round "6.16"]
[White "Ask, Josef"]
[Black "Neretljak, Nedzad"]
[Result "1-0"]
[TimeControl "15 minutes + 5 seconds per move from move one (Round 1 - 4) / 90 minutes + 30 seconds per move from move one (Round 5 - 8)"]
[WhiteTitle "FM"]
[BlackTitle "CM"]
[WhiteFideId "1704583"]
[BlackFideId "1713132"]
[WhiteElo "2169"]
[BlackElo "2051"]

1. Nf3 d6 2. e4 Nf6 3. d3 e5 4. g3 Nc6 5. Bg2 Be7 6. O-O Bg4 7. h3 Bh5 8. g4 Nxg4 9. hxg4 Bxg4 10.
c3 h5 11. Qb3 b6 12. Nh2 Qd7 13. f4 Be2 14. Rf2 Bxd3 15. Qd5 Bxb1 16. Rxb1 O-O 17. Rf3 Bf6 18. Rh3 Ne7 19. Qd1 g6 20.
f5 d5 21. Bh6 Rfd8 22. Qb3 c6 23. Rf1 gxf5 24. Qd1 f4 25. Qxh5 Ng6 26. Ng4 Bh8 27. Bg5 Qd6 28. Qh7+ Kf8 29.
Nh6 Qc5+ 30. Kh1 1-0

[Event "Elite Hotels Open 2023"]
[Site "Elite Stadshotellet, Kungsgatan 6, Vaxjo, Sweden"]
[Date "2023.02.11"]
[Round "6.17"]
[White "Dingertz, Erik"]
[Black "Sevastianov, Andrii"]
[Result "1/2-1/2"]
[TimeControl "15 minutes + 5 seconds per move from move one (Round 1 - 4) / 90 minutes + 30 seconds per move from move one (Round 5 - 8)"]
[WhiteFideId "1741578"]
[BlackFideId "1730240"]
[WhiteElo "2017"]
[BlackElo "2160"]

1. c4 e5 2. g3 Nc6 3. Nc3 Nf6 4. Bg2 Bc5 5. d3 d6 6. a3 a6 7. b4 Ba7 8. Bb2 Be6 9. Nf3 Qd7 10.
h3 h6 11. Nd2 Rb8 12. Nd5 Nh7 13. Rc1 Ne7 14. Nb3 O-O 15. d4 Ng6 16. h4 c6 17. h5 cxd5 18. hxg6 fxg6 19. cxd5 Qf7 20.
O-O Bxd5 21. Bxd5 Qxd5 22. dxe5 Qxd1 23. Rcxd1 dxe5 24. Bxe5 Rbe8 25. Bd6 Rf7 26. e3 Ng5 27. Nc5 Ne4 28.
Nxe4 Rxe4 29. Rc1 Rd7 30. Bc5 Bxc5 1/2-1/2

[Event "Elite Hotels Open 2023"]
[Site "Elite Stadshotellet, Kungsgatan 6, Vaxjo, Sweden"]
[Date "2023.02.11"]
[Round "6.18"]
[White "Karlsson, Stefan"]
[Black "Lindholm, Gustav"]
[Result "0-1"]
[TimeControl "15 minutes + 5 seconds per move from move one (Round 1 - 4) / 90 minutes + 30 seconds per move from move one (Round 5 - 8)"]
[WhiteFideId "1771183"]
[BlackFideId "1736515"]
[WhiteElo "1778"]
[BlackElo "2128"]

1. e4 c5 2. Nf3 d6 3. c3 Nf6 4. Be2 g6 5. O-O Bg7 6. Bb5+ Nc6 7. d4 O-O 8. Re1 cxd4 9. cxd4 Bg4 10.
Bxc6 bxc6 11. h3 Bxf3 12. Qxf3 Qb6 13. Rd1 Nd7 14. Qe3 c5 15. d5 Bxb2 16. Bxb2 Qxb2 17. Na3 Rab8 18. Nc4 Qb4 19.
Rac1 Nb6 20. Nxb6 axb6 21. e5 Qb2 22. exd6 exd6 23. Qe7 Qe5 24. Qxe5 dxe5 25. f3 Rfd8 26. Kf2 Rd6 27. Ke3 f5 28.
Rb1 Ra8 29. Rb2 Ra3+ 30. Ke2 Kf7 31. Rdd2 Kf6 32. h4 e4 33. f4 h6 34. Rb3 Rxb3 35. axb3 Ke7 36. Kd1 Rd8 37. Kc2 Kd6 38.
Kc3 Ra8 39. Kc4 Ra5 40. g3 b5+ 41. Kc3 Ra1 42. b4 Ra3+ 0-1

[Event "Elite Hotels Open 2023"]
[Site "Elite Stadshotellet, Kungsgatan 6, Vaxjo, Sweden"]
[Date "2023.02.12"]
[Round "7.1"]
[White "Abdrlauf, Elham"]
[Black "Galperin, Platon"]
[Result "0-1"]
[TimeControl "15 minutes + 5 seconds per move from move one (Round 1 - 4) / 90 minutes + 30 seconds per move from move one (Round 5 - 8)"]
[WhiteTitle "IM"]
[BlackTitle "GM"]
[WhiteFideId "1533533"]
[BlackFideId "14165414"]
[WhiteElo "2527"]
[BlackElo "2538"]

1. Nf3 Nf6 2. d4 g6 3. Bf4 Bg7 4. Nbd2 O-O 5. e4 d6 6. Be2 Nc6 7. c3 Nh5 8. Be3 e5 9. O-O h6 10.
dxe5 dxe5 11. b4 Nf4 12. Bb5 Qf6 13. Bxf4 exf4 14. Rc1 a5 15. a4 Rd8 16. Qe2 axb4 17. cxb4 Qb2 18. Rb1 Qa2 19.
Rfd1 Bg4 20. h3 Bh5 21. Bxc6 bxc6 22. Qc4 Qxa4 23. Rdc1 Ra6 24. e5 g5 25. Ne4 Rb6 26. Nd4 Bg6 27.
Nc5 Qa3 28. Ra1 Qb2 29. Ndb3 Qxe5 30. Rd1 Rd5 31. Rac1 Qd6 32. Re1 Rb8 33. Qa6 f3 34. Na5 Rxb4 35. Nxc6 Rxc5 36. Rxc5 Qxc5 37.
Ne7+ Kh7 38. Qc8 h5 39. Qg8+ Kh6 40. Qa8 Rb1 41. Rxb1 Bxb1 42. Qe8 Qc1+ 43. Kh2 Be5+ 44. g3 Bxg3+ 0-1